 Dungeon Sprint DCSS version 0.21-a0-352-g5b8f553 (webtiles) character file.

147370 minicreteconcrete the Conqueror (level 17, -4/125 HPs)
             Began as a Gargoyle Berserker on Oct 11, 2017.
             Was the Champion of Trog.
             Slain by a Killer Klown (14 damage)
             ... while paralysed by a floating eye
             ... in the Dungeon (Sprint VII: "The Pits").
             The game lasted 00:49:58 (6345 turns).

minicreteconcrete the Conqueror (GrBe)              Turns: 6345, Time: 00:49:58

Health: -4/125     AC: 42    Str: 24    XL:     17   Next: 17%
Magic:  17/17      EV:  2    Int:  6    God:    Trog [******]
Gold:   160        SH:  0    Dex: 17    Spells: 16/16 levels left

rFire    + + .     SeeInvis +   a - +10 morningstar "Roirchynu" {venom, SInv Stlth+}
rCold    + + +     Gourm    .   Q - +2 shield of Resistance {rF+ rC+ MR+}
rNeg     + . .     Faith    .   I - +2 gold dragon scales
rPois    ∞         Spirit   .   H - +1 helmet
rElec    +         Reflect  .   F - +0 cloak
rCorr    +         Harm     .   R - +1 pair of gloves "Mala" {*Drain rC+++ rCorr}
MR       ++++.     NoTele   +   (no boots)
Stlth    ..........             l - amulet of regeneration
HPRegen  1.70/turn              K - +6 ring of dexterity
MPRegen  0.15/turn              G - +6 ring of evasion

@: paralysed, regenerating, studying Armour
A: big wings, clumsy 1, deformed body, deterioration 1, dopey 1, frail 1,
negative energy resistance 1, electricity resistance, unbreathing, petrification
resistance, rot immunity, AC +12
}: 1/15 runes: silver
a: Fly, Berserk, Trog's Hand, Brothers in Arms, Burn Spellbooks, Renounce
Religion


You were in the Dungeon.
You worshipped Trog.
Trog was exalted by your worship.
You were hungry.

You visited 1 branch You collected 160 gold pieces.

Inventory:

Hand Weapons
 a - the +10 morningstar "Roirchynu" (weapon) {venom, SInv Stlth+}
   (Trog gifted it to you in the Dungeon)

   It poisons the flesh of those it strikes.
   It lets you see invisible.
   It makes you more stealthy.
 b - the +9 flail "Neschetez" {elec, rF+ rC+ rN+ SInv}
   (Trog gifted it to you in the Dungeon)

   Occasionally, upon striking a foe, it will discharge some electrical energy
   and cause terrible harm.
   It protects you from fire.
   It protects you from cold.
   It protects you from negative energy.
   It lets you see invisible.
 u - a +9 antimagic morningstar
 U - the +3 eveningstar of the Illusory People {holy, *Corrode rN++ Str+2}
   (Trog gifted it to you in the Dungeon)

   It has been blessed by the Shining One to cause great damage to the undead
   and demons.
   It affects your strength (+2).
   It greatly protects you from negative energy.
   It may corrode you when you take damage.
Missiles
 w - 6 poisoned javelins (quivered)
 y - 4 javelins of penetration
 L - 2 throwing nets
Armour
 F - a +0 cloak (worn)
 H - a +1 helmet (worn)
 I - +2 gold dragon scales (worn)
 Q - the +2 shield of Resistance (worn) {rF+ rC+ MR+}
   (You found it in the Dungeon)

   It protects you from fire.
   It protects you from cold.
   It affects your resistance to hostile enchantments.
 R - the +1 pair of gloves "Mala" (worn) {*Drain rC+++ rCorr}
   (You acquired it in the Dungeon)

   It renders you almost immune to cold.
   It protects you from acid and corrosion.
   It causes draining when unequipped.
 X - the +8 chain mail of the Kettle-Drum {rElec Str+2 Int+2}
   (You found it in the Dungeon)

   It affects your strength (+2).
   It affects your intelligence (+2).
   It insulates you from electricity.
Magical Staves
 m - an uncursed staff of energy
Jewellery
 j - the ring of the Pharaoh's Fist {+Inv Str-3 Slay+6 Stlth+}
   (You found it in the Dungeon)

   [ring of stealth]

   It affects your strength (-3).
   It affects your accuracy and damage with ranged weapons and melee attacks
   (+6).
   It lets you turn invisible.
   It makes you more stealthy.
 l - an amulet of regeneration (around neck)
 x - a +6 ring of intelligence
 z - a +3 ring of protection
 B - a +3 ring of dexterity
 D - a +3 ring of slaying
 G - a +6 ring of evasion (right hand)
 K - a +6 ring of dexterity (left hand)
 V - the ring "Jiasiom" {rElec Int+8 Dex+8 Slay+5 Stlth-}
   (You found it in the Dungeon)

   [ring of slaying]

   It affects your intelligence (+8).
   It affects your dexterity (+8).
   It affects your accuracy and damage with ranged weapons and melee attacks
   (+5).
   It insulates you from electricity.
   It makes you less stealthy.
Scrolls
 i - 5 scrolls of blinking
 n - 5 scrolls of remove curse
 q - 3 scrolls of vulnerability
 t - 5 scrolls of recharging
 J - 2 scrolls of identify
 N - 2 scrolls of enchant weapon
 O - 5 scrolls of fog
 P - 3 scrolls of fear
Potions
 d - 13 potions of curing
 e - 20 potions of heal wounds
 f - 3 potions of haste
 g - 4 potions of magic
 h - 6 potions of berserk rage
 k - 2 potions of invisibility
 p - a potion of ambrosia
 v - a potion of resistance
 A - 5 potions of agility
 C - 2 potions of brilliance
 E - 5 potions of mutation
 M - 2 potions of might
Books
 T - a manual of Armour
Miscellaneous
 W - a phial of floods
 Z - a box of beasts
Comestibles
 c - 2 bread rations
 r - 44 fruits
 s - 13 meat rations
 Y - 7 royal jellies


   Skills:
 O Level 27 Fighting
 - Level 21.4 Maces & Flails
 + Level 24.1 Armour
 * Level 15.6 Dodging
 - Level 2.3 Stealth
 + Level 25.9 Shields


You had 16 spell levels left.
You didn't know any spells.

Dungeon Overview and Level Annotations

Branches:
Dungeon (1/1)

Altars:
Hepliaklqana
Trog
Jiyva


Innate Abilities, Weirdness & Mutations

You are resistant to torment.
Your stone body is resilient. (AC +12)
You are immune to poison.
Your large and strong wings let you fly indefinitely.
You resist negative energy. (rN+)
You are resistant to electric shocks. (rElec)
You can survive without breathing.
You are immune to petrification.
You are immune to rotting.
You are clumsy. (Dex -2)
Armour fits poorly on your strangely shaped body.
Your body sometimes deteriorates upon taking damage.
You are dopey. (Int -2)
You are frail. (-10% HP)


Message History

The Killer Klown is almost dead.
The Killer Klown blinks!
The floating eye gazes piercingly through you!
You suddenly lose the ability to move!
The Killer Klown strangle-hugs you! The Killer Klown shocks you! You resist.
The Ice Fiend calls on the powers of darkness!
The dire elephant convulses!
Your stone giant convulses!
The shadow dragon convulses!
Your body is wracked with pain!
* * * LOW HITPOINT WARNING * * *
The floating eye convulses!
The Killer Klown convulses!
The meliai convulses!
The orb of fire glows yellow.
The fireball explodes!
The fireball engulfs your stone giant.
Your stone giant dies!
Your stone giant's corpse disappears in a puff of smoke!
The fireball engulfs the orb of fire.
The orb of fire completely resists.
The fireball engulfs you! You resist.
* * * LOW HITPOINT WARNING * * *
The Killer Klown karate-kicks you!
You die...

** *** ******#.#*
***************#y#
,,,,,,,,,,,,,,*#G#
,,,,,,,,,,,,,,*#D#
,,,,***,,,,,,,*#Y#
,,,,*,,,,*,,,,*#1#
,,,,*,,,,*,,,,*#*#
,,,,,,,***,,,,*#§#
,,,,,,,,,,,****#@#
,,,,,,,,,,,+<<*#p#
,,,,,,***+**<<*#)#
,,,,,,*,,,,*<<*#'#
,,,,,,*,,,,*<<*#.#
***************#)#
################'#
......[.......(..#
).....).....[[[..#


You could see an orb of fire, a Killer Klown, a shadow dragon, a dire elephant,
an Ice Fiend, a meliai and a floating eye.

Vanquished Creatures
  2 ancient liches (D)
  Mara (D)
  A golden dragon (D)
  A profane servitor (D)
  A lich (D)
  A Tzitzimitl (D)
  A Hell Sentinel (D)
  A deep elf blademaster (D)
  A sphinx (D)
  A storm dragon (D)
  3 nagarajas (D)
  A draconian monk (D)
  2 balrugs (D)
  A frost giant (D)
  A cacodemon (D)
  An orc warlord (D)
  A deep elf sorcerer (D)
  A draconian scorcher (D)
  A vampire knight (D)
  2 green draconians (D)
  A deep elf demonologist (D)
  2 yellow draconians (D)
  3 black draconians (D)
  A lorocyproca (D)
  3 deep elf annihilators (D)
  6 dire elephants (D)
  A white draconian (D)
  2 red draconians (D)
  2 deep elf death magi (D)
  2 blizzard demons (D)
  2 green deaths (D)
  A fire dragon (D)
  2 deep elf high priests (D)
  2 yaktaur captains (D)
  11 hydras (D)
  A vault guard (D)
  2 naga warriors (D)
  An ice dragon (D)
  2 merfolk aquamancers (D)
  A spriggan air mage (D)
  3 catoblepae (D)
  A merfolk avatar (D)
  2 ogre magi (D)
  2 death knights (D)
  2 dancing weapons (D)
  3 hell hogs (D)
  A deep troll shaman (D)
  An orc high priest (D)
  2 sun demons (D)
  2 deep elf knights (D)
  An iron troll (D)
  A shadow wraith (D)
  An unseen horror (D)
  A spriggan druid (D)
  2 deep trolls (D)
  A wizard (D)
  3 swamp dragons (D)
  2 necromancers (D)
  3 lindwurms (D)
  2 orc knights (D)
  3 orc sorcerers (D)
  A manticore (D)
  Joseph (D)
  A guardian serpent (D)
  A rust devil (D)
  A smoke demon (D)
  A gargoyle (D)
  4 rime drakes (D)
  2 komodo dragons (D)
  A kobold demonologist (D)
  3 yaktaurs (D)
  A tormentor (D)
  A guardian mummy (D)
  A hellwing (D)
  2 trolls (D)
  A merfolk (D)
  A polar bear (D)
  2 jumping spiders (D)
  4 water elementals (D)
  2 shadows (D)
  2 redbacks (D)
  3 spriggans (D)
  4 wyverns (D)
  A vampire (D)
  A ynoxinul (D)
  3 basilisks (D)
  2 wraiths (D)
  A hungry ghost (D)
  2 chaos spawn (D)
  5 steam dragons (D)
  8 vampire mosquitoes (D)
  2 wargs (D)
  A water moccasin (D)
  2 acid dragons (D)
  A floating eye (D)
  3 orc warriors (D)
  An ice beast (D)
  2 swamp drakes (D)
  A phantom (D)
  An eye of draining (D)
  An ogre (D)
  7 wolves (D)
  2 centaurs (D)
  2 big kobolds (D)
  An earth elemental (D)
  A scorpion (D)
  4 killer bees (D)
  5 wights (D)
  A quasit (D)
  2 orc priests (D)
  A gnoll shaman (D)
  3 orc wizards (D)
  2 hell rats (D)
  A small abomination (D)
  6 gnolls (D)
  An adder (D)
  2 river rats (D)
  A white imp (D)
  An ufetubus (D)
  2 adder simulacra (D)
  A leopard gecko (D)
  7 orcs (D)
  A bat zombie (D)
  2 giant cockroaches (D)
  4 jackals (D)
  3 kobolds (D)
  A ball python (D)
  A ball python simulacrum (D)
  A ball python skeleton (D)
  3 frilled lizards (D)
  2 giant cockroach zombies (D)
  2 quokka zombies (D)
  2 rats (D)
265 creatures vanquished.

Vanquished Creatures (collateral kills)
  A bone dragon (D)
  A deep elf blademaster (D)
  A shadow dragon (D)
  A nagaraja (D)
  A deep elf sorcerer (D)
  A fire giant (D)
  2 orc warlords (D)
  A spriggan defender (D)
  A black draconian (D)
  2 green deaths (D)
  3 vault guards (D)
  2 catoblepae (D)
  A merfolk avatar (D)
  2 hydras (D)
  A deep troll shaman (D)
  3 hell hogs (D)
  4 skeletal warriors (D)
  A swamp dragon (D)
  A deep troll (D)
  A wolf spider (D)
  6 orc knights (D)
  A guardian serpent (D)
  2 yaktaurs (D)
  An orange demon (D)
  A komodo dragon (D)
  A troll (D)
  2 merfolk (D)
  3 water elementals (D)
  A fire elemental (D)
  A large abomination (D)
  An orc warrior (D)
  A swamp drake (D)
  2 wolves (D)
  A hound (D)
  An orc priest (D)
  A ball python simulacrum (D)
  A jackal skeleton (D)
  A leopard gecko zombie (D)
59 creatures vanquished.

Vanquished Creatures (others)
  A ghost moth (D)
  A spriggan (D)
  A lindwurm (D)
  A komodo dragon (D)
  A hornet (D)
  A wyvern (D)
  2 basilisks (D)
  2 acid dragons (D)
  A swamp drake (D)
  An orc (D)
  A jackal skeleton (D)
13 creatures vanquished.

Grand Total: 337 creatures vanquished

Notes
Turn   | Place    | Note
-------+----------+-------------------------------------------
     0 | D        | minicreteconcrete the Gargoyle Berserker began the quest for the Orb.
     0 | D        | Reached XP level 1. HP: 14/14 MP: 1/1
     8 | D        | Noticed a floating eye
    11 | D        | Paralysed by a floating eye for 2 turns
    16 | D        | Killed a floating eye
    16 | D        | Reached skill level 6 in Fighting
    16 | D        | Reached XP level 2. HP: 23/23 MP: 2/2
    16 | D        | Reached XP level 3. HP: 28/28 MP: 3/3
    16 | D        | Reached XP level 4. HP: 32/32 MP: 4/4
    48 | D        | Found a bloodstained altar of Trog.
    48 | D        | Found a viscous altar of Jiyva.
    48 | D        | Found a hazy altar of Hepliaklqana.
    70 | D        | Reached ** piety under Trog
    91 | D        | Reached *** piety under Trog
    91 | D        | Reached XP level 5. HP: 33/37 MP: 5/5
   154 | D        | Noticed a hungry ghost
   178 | D        | Killed a hungry ghost
   178 | D        | Reached skill level 8 in Fighting
   178 | D        | Reached XP level 6. HP: 44/44 MP: 6/6
   247 | D        | Reached **** piety under Trog
   259 | D        | Received a gift from Trog
   267 | D        | Noticed a phantom
   283 | D        | Killed a phantom
   283 | D        | Reached skill level 9 in Fighting
   283 | D        | Reached skill level 10 in Maces & Flails
   283 | D        | Reached skill level 5 in Armour
   335 | D        | Killed a shadow wraith
   335 | D        | Reached ***** piety under Trog
   335 | D        | Reached skill level 10 in Fighting
   335 | D        | Reached skill level 5 in Dodging
   335 | D        | Reached XP level 7. HP: 8/53 MP: 7/7
   335 | D        | Reached XP level 8. HP: 9/58 MP: 8/8
   445 | D        | Received a gift from Trog
   539 | D        | Received a gift from Trog
   658 | D        | Noticed a spriggan
   658 | D        | Noticed a hellwing
   671 | D        | Killed a spriggan
   671 | D        | Reached skill level 11 in Fighting
   690 | D        | Killed a hellwing
   690 | D        | Received a gift from Trog
   740 | D        | Noticed a troll
   760 | D        | Killed a troll
   760 | D        | Reached XP level 9. HP: 64/64 MP: 9/9
   813 | D        | Noticed a lindwurm
   814 | D        | Noticed a jumping spider
   825 | D        | Killed a lindwurm
   825 | D        | Reached skill level 12 in Fighting
   831 | D        | Killed a jumping spider
   831 | D        | Reached skill level 1 in Stealth
   957 | D        | Reached skill level 10 in Armour
   972 | D        | Received a gift from Trog
  1031 | D        | Reached skill level 13 in Fighting
  1042 | D        | Reached ****** piety under Trog
  1044 | D        | Received a gift from Trog
  1081 | D        | Reached XP level 10. HP: 66/73 MP: 10/10
  1084 | D        | Reached skill level 15 in Maces & Flails
  1095 | D        | Noticed Joseph
  1116 | D        | Received a gift from Trog
  1121 | D        | Killed Joseph
  1202 | D        | Reached skill level 14 in Fighting
  1227 | D        | Received a gift from Trog
  1264 | D        | Received a gift from Trog
  1315 | D        | Noticed a blizzard demon
  1322 | D        | Killed a blizzard demon
  1329 | D        | Reached XP level 11. HP: 65/80 MP: 3/11
  1330 | D        | Received a gift from Trog
  1512 | D        | Noticed an orc high priest
  1515 | D        | Received a gift from Trog
  1526 | D        | Killed an orc high priest
  1526 | D        | Reached skill level 15 in Fighting
  1536 | D        | Received a gift from Trog
  1570 | D        | Received a gift from Trog
  1621 | D        | Killed an unseen horror
  1712 | D        | Received a gift from Trog
  1712 | D        | Reached skill level 16 in Fighting
  1763 | D        | Got the -3 helmet of Purpose {rF+ rN+}
  1770 | D        | Got a pair of bloodstained gloves
  1776 | D        | Identified the +1 pair of gloves "Mala" {*Drain rC+++ rCorr} (You acquired it in the Dungeon)
  1870 | D        | Noticed an orc sorcerer
  1875 | D        | Killed an orc sorcerer
  1879 | D        | Noticed a red draconian
  1888 | D        | Killed a red draconian
  1908 | D        | Received a gift from Trog
  1930 | D        | Noticed a seven-headed hydra
  1942 | D        | Killed a seven-headed hydra
  1942 | D        | Reached skill level 17 in Fighting
  1942 | D        | Reached XP level 12. HP: 36/91 MP: 4/12
  1948 | D        | Received a gift from Trog
  1949 | D        | Got a warped eveningstar {god gift}
  1950 | D        | Identified the +3 eveningstar of the Illusory People {holy, *Corrode rN++ Str+2} (Trog gifted it to you in the Dungeon)
  1960 | D        | Noticed a sun demon
  1976 | D        | Killed a sun demon
  2099 | D        | Noticed a merfolk aquamancer
  2109 | D        | Killed a merfolk aquamancer
  2109 | D        | Received a gift from Trog
  2135 | D        | Noticed a black draconian
  2145 | D        | Killed a black draconian
  2145 | D        | Reached skill level 18 in Fighting
  2173 | D        | Got the +8 chain mail of the Kettle-Drum {rElec Str+2 Int+2}
  2193 | D        | Received a gift from Trog
  2224 | D        | Noticed a storm dragon
  2224 | D        | Noticed a black draconian
  2224 | D        | Noticed a catoblepas
  2225 | D        | Noticed a sun demon
  2250 | D        | Killed a storm dragon
  2250 | D        | Reached skill level 15 in Armour
  2256 | D        | Killed a black draconian
  2256 | D        | Received a gift from Trog
  2260 | D        | Killed a sun demon
  2345 | D        | Noticed a vampire knight
  2370 | D        | Killed a vampire knight
  2370 | D        | Reached skill level 19 in Fighting
  2378 | D        | Killed a catoblepas
  2625 | D        | Received a gift from Trog
  2650 | D        | Noticed a hell hog
  2650 | D        | Noticed a hell hog
  2651 | D        | Noticed a hell hog
  2654 | D        | Killed a hell hog
  2654 | D        | Received a gift from Trog
  2657 | D        | Killed a hell hog
  2665 | D        | Reached XP level 13. HP: 60/100 MP: 4/13
  2666 | D        | Received a gift from Trog
  2689 | D        | Noticed a deep elf sorcerer
  2691 | D        | Received a gift from Trog
  2693 | D        | Killed a deep elf sorcerer
  2695 | D        | Noticed an orc warlord
  2695 | D        | Noticed an orc warlord
  2701 | D        | Killed an orc warlord
  2701 | D        | Reached skill level 20 in Fighting
  2702 | D        | Noticed a green death
  2703 | D        | Killed an orc warlord
  2704 | D        | Noticed a spriggan defender
  2705 | D        | Noticed a vault guard
  2707 | D        | Received a gift from Trog
  2711 | D        | Noticed a vault guard
  2711 | D        | Killed a vault guard
  2715 | D        | Noticed a vault guard
  2719 | D        | Killed a green death
  2721 | D        | Killed a spriggan defender
  2724 | D        | Received a gift from Trog
  2728 | D        | Killed a vault guard
  2731 | D        | Killed a vault guard
  2736 | D        | Got a polished morningstar {god gift}
  2737 | D        | Identified the +10 morningstar "Roirchynu" {venom, SInv Stlth+} (Trog gifted it to you in the Dungeon)
  2743 | D        | Noticed a deep elf blademaster
  2743 | D        | Noticed a black draconian
  2762 | D        | Killed a black draconian
  2762 | D        | Reached skill level 21 in Fighting
  2765 | D        | Killed a deep elf blademaster
  2779 | D        | Noticed a yaktaur captain
  2789 | D        | Killed a yaktaur captain
  3064 | D        | Noticed a vault guard
  3072 | D        | Killed a vault guard
  3072 | D        | Received a gift from Trog
  3137 | D        | Got a slimy great mace {god gift}
  3138 | D        | Identified the +10 great mace of Tukeog {drain, rF- Int+5} (Trog gifted it to you in the Dungeon)
  3284 | D        | Reached skill level 1 in Shields
  3338 | D        | Noticed an ancient lich
  3352 | D        | Killed an ancient lich
  3352 | D        | Received a gift from Trog
  3352 | D        | Gained mutation: Your large and strong wings let you fly indefinitely. [Gargoyle growth]
  3352 | D        | Reached XP level 14. HP: 16/111 MP: 14/14
  3709 | D        | Noticed a balrug
  3718 | D        | Killed a balrug
  3725 | D        | Noticed a nagaraja
  3749 | D        | Killed a nagaraja
  3749 | D        | Reached skill level 15 in Shields
  3765 | D        | Noticed a frost giant
  3766 | D        | Noticed a deep elf demonologist
  3770 | D        | Noticed an Ice Fiend
  3805 | D        | Killed a frost giant
  3805 | D        | Received a gift from Trog
  3917 | D        | Killed a deep elf demonologist
  3946 | D        | Noticed a bone dragon
  3951 | D        | Noticed a black draconian
  3951 | D        | Noticed a lorocyproca
  3968 | D        | Killed a black draconian
  3971 | D        | Killed a lorocyproca
  3973 | D        | Killed a bone dragon
  3976 | D        | Received a gift from Trog
  4255 | D        | Received a gift from Trog
  4278 | D        | Noticed a Tzitzimitl
  4279 | D        | Noticed a ghost moth
  4288 | D        | Killed a Tzitzimitl
  4288 | D        | Killed a ghost moth
  4294 | D        | Received a gift from Trog
  4483 | D        | Reached XP level 15. HP: 105/116 MP: 15/15
  4529 | D        | Found the +3 salamander hide armour {+Rage rF++}
  4579 | D        | Noticed a cacodemon
  4588 | D        | Gained mutation: Your body sometimes deteriorates upon taking damage. [a cacodemon]
  4591 | D        | Noticed a fire giant
  4594 | D        | Gained mutation: You are dopey. (Int -2) [a cacodemon]
  4596 | D        | Noticed a nagaraja
  4605 | D        | Killed a cacodemon
  4605 | D        | Killed a nagaraja
  4605 | D        | Received a gift from Trog
  4608 | D        | Killed a fire giant
  4723 | D        | Noticed a shadow dragon
  4750 | D        | Killed a shadow dragon
  4752 | D        | Received a gift from Trog
  4759 | D        | Received a gift from Trog
  4762 | D        | Noticed an orc warlord
  4768 | D        | Killed an orc warlord
  4778 | D        | Received a gift from Trog
  4797 | D        | Found the +2 shield of Resistance {rF+ rC+ MR+}
  4863 | D        | Received a gift from Trog
  4868 | D        | Got a slimy flail {god gift}
  4869 | D        | Identified the +9 flail "Neschetez" {elec, rF+ rC+ rN+ SInv} (Trog gifted it to you in the Dungeon)
  4898 | D        | Noticed a nagaraja
  4922 | D        | Killed a nagaraja
  5075 | D        | Noticed a deep elf blademaster
  5084 | D        | Killed a deep elf blademaster
  5084 | D        | Reached skill level 22 in Fighting
  5089 | D        | Received a gift from Trog
  5211 | D        | Noticed a golden dragon
  5232 | D        | Received a gift from Trog
  5250 | D        | Received a gift from Trog
  5272 | D        | Reached skill level 10 in Dodging
  5277 | D        | Received a gift from Trog
  5285 | D        | Reached skill level 23 in Fighting
  5295 | D        | Killed a golden dragon
  5316 | D        | Received a gift from Trog
  5326 | D        | Reached XP level 16. HP: 100/127 MP: 16/16
  5334 | D        | Reached skill level 24 in Fighting
  5347 | D        | Received a gift from Trog
  5367 | D        | Received a gift from Trog
  5401 | D        | Received a gift from Trog
  5425 | D        | Got a silver rune of Zot
  5583 | D        | Noticed a lich
  5584 | D        | Noticed a sphinx
  5644 | D        | Killed a sphinx
  5644 | D        | Received a gift from Trog
  5648 | D        | Killed a lich
  5648 | D        | Reached skill level 25 in Fighting
  5717 | D        | Received a gift from Trog
  5799 | D        | Reached skill level 26 in Fighting
  5821 | D        | Noticed a white draconian monk
  5835 | D        | Killed a white draconian monk
  5835 | D        | Received a gift from Trog
  5859 | D        | Noticed a nagaraja
  5891 | D        | Killed a nagaraja
  5918 | D        | Received a gift from Trog
  5935 | D        | Received a gift from Trog
  5935 | D        | Received a gift from Trog
  5950 | D        | Received a gift from Trog
  5955 | D        | Reached skill level 27 in Fighting
  5981 | D        | Received a gift from Trog
  5987 | D        | Received a gift from Trog
  6019 | D        | Got the ring "Jiasiom" {rElec Int+8 Dex+8 Slay+5 Stlth-}
  6029 | D        | Got the ring of the Pharaoh's Fist {+Inv Str-3 Slay+6 Stlth+}
  6103 | D        | Noticed a Hell Sentinel
  6117 | D        | Killed a Hell Sentinel
  6117 | D        | Received a gift from Trog
  6220 | D        | Noticed a profane servitor
  6236 | D        | Killed a profane servitor
  6245 | D        | Noticed an ancient lich
  6259 | D        | Killed an ancient lich
  6259 | D        | Reached skill level 15 in Dodging
  6259 | D        | Reached XP level 17. HP: 139/139 MP: 17/17
  6262 | D        | Noticed Mara
  6265 | D        | Noticed minicreteconcrete's illusion
  6276 | D        | Killed Mara
  6326 | D        | Noticed an orb of fire
  6326 | D        | Noticed an Ice Fiend
  6326 | D        | Noticed a Killer Klown
  6329 | D        | Paralysed by a floating eye for 3 turns
  6335 | D        | Paralysed by a floating eye for 4 turns
  6336 | D        | Gained mutation: Armour fits poorly on your strangely shaped body. [an orb of fire]
  6340 | D        | Gained mutation: You are clumsy. (Dex -2) [an orb of fire]
  6342 | D        | Gained mutation: You are frail. (-10% HP) [an orb of fire]
  6344 | D        | Paralysed by a floating eye for 4 turns
  6345 | D        | Slain by a Killer Klown

Vault maps used:
D:        pitsprint

Skill      XL: |  1  2  3  4  5  6  7  8  9 10 11 12 13 14 15 16 17 |
---------------+----------------------------------------------------+-----
Fighting       | 6 8 10 11 13 14 17 19 21 23 27 | 27.0
Maces & Flails | 6 8 12 13 14 16 19 20 21 | 21.4
Armour         | 3 4 7 8 10 12 13 16 18 19 23 24 | 24.1
Dodging        | 2 3 5 6 7 11 15 | 15.6
Stealth        | 1 2 |  2.3
Shields        | 12 20 23 25 | 25.9

Action                   |  1- 3 |  4- 6 |  7- 9 | 10-12 | 13-15 | 16-18 || total
-------------------------+-------+-------+-------+-------+-------+-------++-------
Melee: Mace              |     6 |    24 |       |       |       |       ||    30
       Flail             |       |    55 |   150 |       |       |       ||   205
       Great mace        |       |       |     6 |    41 |       |       ||    47
       Morningstar       |       |       |       |   306 |   385 |   258 ||   949
Throw: Stone             |       |     1 |       |       |       |       ||     1
       Javelin           |       |       |       |       |     3 |       ||     3
Invok: Berserk           |       |     2 |     4 |     4 |     3 |     1 ||    14
       Trog's Hand       |       |     1 |     1 |     4 |    10 |     6 ||    22
       Brothers in Arms  |       |       |       |     3 |    16 |     2 ||    21
       Burn Spellbooks   |       |       |       |     2 |     2 |     5 ||     9
  Use: Scroll            |       |       |       |     1 |     1 |     2 ||     4
       Potion            |       |       |       |     2 |     3 |       ||     5
 Stab: Petrified         |       |       |       |       |     4 |       ||     4
       Distracted        |       |       |       |       |     1 |       ||     1
       Confused          |       |       |       |       |       |     2 ||     2
       Petrifying        |       |       |       |       |       |     1 ||     1
  Eat: Chunk             |       |     2 |     2 |     4 |    11 |     1 ||    20
       Bread ration      |       |       |     2 |     1 |     3 |     1 ||     7
Armor: Animal skin       |       |    10 |       |       |       |       ||    10
       Plate armour      |       |    43 |   118 |   259 |       |       ||   420
       Chain mail        |       |       |       |    34 |    26 |       ||    60
       Gold dragon scale |       |       |       |       |   192 |    84 ||   276
Dodge: Dodged            |       |    43 |    90 |   140 |   123 |    74 ||   470
Block: Large shield      |       |       |       |       |   177 |       ||   177
       Shield            |       |       |       |       |   119 |   144 ||   263

Table legend:
 A = Spawn XP
 B = Non-spawn XP
 C = Spawn XP percentage of total XP
 D = Spawn monster count
 E = Non-spawn monster count
 F = Spawn count percentage of total count
 G = Total turns spent on level
                    A         B        C        D         E        F      G
               +---------+---------+-------+---------+---------+-------+---------
         Total |       0 |  191958 |   0.0 |       0 |     325 |   0.0 |  6345
               +---------+---------+-------+---------+---------+-------+---------
             D |       0 |  191958 |   0.0 |       0 |     325 |   0.0 |  6345
               +---------+---------+-------+---------+---------+-------+---------
